 Dungeon Crawl Stone Soup version 0.29.1-15-g9cfb28693d (webtiles) character file.

Game seed: 900312169691583052

1335 jtron the Poker (level 8, -2/61 HPs)
             Began as a Demonspawn Gladiator on Feb 25, 2023.
             Slain by a steam dragon (5 damage)
             ... on level 6 of the Dungeon on Feb 26, 2023.
             The game lasted 00:18:10 (4748 turns).

jtron the Poker (Demonspawn Gladiator)              Turns: 4748, Time: 00:18:11

Health: -2/61      AC:  6    Str: 14    XL:     8   Next: 35%
Magic:  12/12      EV: 13    Int: 10    God:
Gold:   373        SH:  5    Dex: 17    Spells: 12/13 levels left

rFire   . . .      SeeInvis .   t - +2 spear "Famifill" {vorpal, rC++ rN+ rCorr Stlth-}
rCold   + + .      Faith    .   (no shield)
rNeg    + . .      Spirit   .   b - +0 leather armour
rPois   .          Reflect  +   c - +0 helmet
rElec   .          Harm     .   (no cloak)
rCorr   +          Rampage  .   (no gloves)
Will    .....                   (no boots)
Stlth   +.........              w - amulet of reflection
HPRegen 0.20/turn               o - +4 ring of slaying
MPRegen 0.13/turn               (no ring)

@: hasted, very quick
A: powered by pain 1, sharp scales 2, condensation shield, weakness stinger 1
a: no special abilities


You were on level 6 of the Dungeon.
You visited 1 branch of the dungeon, and saw 6 of its levels.

You collected 373 gold pieces.

Inventory:

Hand Weapons
 a - a +0 trident
 l - a +2 dagger of venom
 t - the +2 spear "Famifill" (weapon) {vorpal, rC++ rN+ rCorr Stlth-}
   (You found it on level 2 of the Dungeon)

   It inflicts extra damage upon your enemies.
   rC:        It greatly protects you from cold.
   rN:        It protects you from negative energy.
   rCorr:     It protects you from acid and corrosion.
   Stlth:     It makes you less stealthy.
Missiles
 d - 3 throwing nets
 e - a javelin
 i - 45 stones (quivered)
 E - 3 poisoned darts
Armour
 b - a +0 leather armour (worn)
 c - a +0 helmet (worn)
Magical Staves
 D - a staff of air
Jewellery
 o - a +4 ring of slaying (left hand)
 w - an amulet of reflection (around neck)
Scrolls
 q - 3 scrolls of vulnerability {unknown}
 v - a scroll of amnesia {unknown}
 y - a scroll of fog
 z - 3 scrolls of immolation {unknown}
 B - 2 scrolls of fear {unknown}
Potions
 g - a potion of ambrosia {unknown}
 h - a potion of heal wounds {unknown}
 j - 3 potions of mutation
 k - 4 potions of curing
 m - a potion of invisibility {unknown}
 n - 3 potions of flight
 p - a potion of might {unknown}
 r - a potion of attraction {unknown}
 s - a potion of degeneration {unknown}
 x - 3 potions of cancellation
 A - a potion of resistance {unknown}


   Skills:
 * Level 4.3 Fighting
 - Level 2.7 Short Blades
 * Level 5.6 Polearms
 + Level 2.5 Throwing
 + Level 3.0 Armour
 - Level 3.0 Dodging
 + Level 2.2 Stealth
 + Level 1.6 Shields
 * Level 3.1 Spellcasting
 + Level 1.1 Hexes


You had 12 spell levels left.
You knew the following spells:

 Your Spells              Type           Power      Damage    Failure   Level
a - Slow                  Hex            12%        N/A       22%         1

Your spell library contained the following spells:

 Spells                   Type           Power      Damage    Failure   Level
 Summon Small Mammal      Summ           4%         N/A       34%         1
 Sublimation of Blood     Necr           1%         N/A       45%         2
 Wereblood                Tmut           1%         N/A       45%         2
 Confusing Touch          Hex            3%         N/A       54%         3
 Inner Flame              Hex/Fire       2%         N/A       63%         3
 Summon Guardian Golem    Hex/Summ       2%         N/A       63%         3
 Call Canine Familiar     Summ           1%         N/A       71%         3
 Vampiric Draining        Necr           1%         2d6       71%         3
 Cause Fear               Hex            1%         N/A       91%         4
 Summon Hydra             Summ           0%         N/A       100%        7
 Discord                  Hex            1%         N/A       100%        8


Dungeon Overview and Level Annotations

Branches:
Dungeon (6/15)
 Temple: D:4-7

Altars:
Cheibriados
Dithmenos
Hepliaklqana
Kikubaaqudgha
Qazlal
Wu Jian
Xom

Shops:
D:3 (

Annotations:
D:4 1 runed translucent door, Arctor's ghost, amateur MiFi
D:6 Maggie


Innate Abilities, Weirdness & Mutations

You sometimes gain a little power by taking damage.
You are mostly covered in razor-sharp scales. (AC +2, Slay +2)
A meltable shield of frost defends you. (SH +0)
You have a small tail.


Message History

There is an open door here.
A wight comes into view.
It is wielding a +2 short sword of freezing.
The wight moves out of view.
There is an open door here.
There is an open door here.
You close the door.
A wight opens the door.
There is an open door here.
You open the door.
There is an open door here.
A steam dragon comes into view.
Found a potion of curing.
The steam dragon hisses angrily.
The steam dragon breathes steam at you. The ball of steam hits you!
Your condensation shield dissipates!
You hear a shout!
You are engulfed in a cloud of scalding steam.
You block the steam dragon's attack. The steam dragon claws you.
You hit the steam dragon but do no damage.
You are engulfed in a cloud of scalding steam.
The steam dragon breathes steam at you. The ball of steam hits you!!
* * * LOW HITPOINT WARNING * * *
You hear a shout!
You barely miss the steam dragon.
You are engulfed in a cloud of scalding steam.
The steam dragon breathes steam at you. The ball of steam hits you!
* * * LOW HITPOINT WARNING * * *
You hear a shout!
You closely miss the steam dragon.
Your tail-slap misses the steam dragon.
You are engulfed in a cloud of scalding steam.
* * * LOW HITPOINT WARNING * * *
The steam dragon bites you but does no damage.
The steam dragon closely misses you.
You feel yourself speed up. The steam dragon bites you.
* * * LOW HITPOINT WARNING * * *
The steam dragon claws you.
You die...

#.# #.........#
#.###. #.#
#......z..#
#.#... ..#
#####'##'##
#.#...#. .?#
#.##..# #....<#.
. ..# #.###z#.##
#...#.#. ...
#z#z.....#
#.#.#.#.
...z#####
#.#z####..... .
..#.
.....z..###z#ยง#
#.>### #.#.
.......z'...#@#
#.# #.#.
..z.....#####D#
..# ........#
#.# ..#
........# #!#
######### #.#
#.# ... ...


You could see a steam dragon (catching breath) and 2 wights.

Vanquished Creatures
  Sigmund (D:2)
  Eustachio (D:6)
  A water moccasin (D:5)
  A black bear (D:6)
  An ice beast (D:6)
  Blork the orc (D:5)
  A bullfrog (D:5)
  4 scorpions
  A howler monkey (D:5)
  A gnoll bouda (D:5)
  2 jellies (D:6)
  4 iguanas
  An orc wizard (D:4)
  3 gnolls (D:5)
  3 adders
  A shadow imp (D:5)
  2 worms
  5 dart slugs
  6 orcs
  3 bats
  5 endoplasms
  10 giant cockroaches (D:2)
  3 goblins
  5 hobgoblins
  3 kobolds
  2 quokkas
  10 ball pythons
  3 rats
84 creatures vanquished.

Notes
Turn   | Place    | Note
-------+----------+-------------------------------------------
     0 | D:1      | jtron the Demonspawn Gladiator began the quest for the Orb.
     0 | D:1      | Reached XP level 1. HP: 16/16 MP: 1/1
   369 | D:1      | Gained mutation: You are partially covered in razor-sharp
                  | scales. (AC +1, Slay +1) [demonic ancestry]
   369 | D:1      | Reached XP level 2. HP: 22/22 MP: 2/2
   896 | D:2      | Found a faded altar of an unknown god.
   897 | D:2      | Noticed Sigmund
  1037 | D:3      | Gained mutation: You are mostly covered in razor-sharp
                  | scales. (AC +2, Slay +2) [demonic ancestry]
  1037 | D:3      | Reached XP level 3. HP: 25/27 MP: 3/3
  1172 | D:3      | Found a snail-covered altar of Cheibriados.
  1192 | D:3      | Found San Litoj's Weapon Shoppe.
  1293 | D:3      | Reached skill level 1 in Short Blades
  1620 | D:4      | Found a stormy altar of Qazlal.
  1622 | D:4      | Noticed a water elemental
  1623 | D:4      | Noticed an air elemental
  1623 | D:4      | Noticed an earth elemental
  1623 | D:4      | Noticed a fire elemental
  1655 | D:4      | Found a shadowy altar of Dithmenos.
  2182 | D:2      | Reached XP level 4. HP: 34/34 MP: 4/4
  2246 | D:2      | Killed Sigmund
  2247 | D:2      | Reached skill level 1 in Armour
  2247 | D:2      | Reached skill level 1 in Stealth
  2247 | D:2      | Reached skill level 1 in Spellcasting
  2247 | D:2      | Gained mutation: A meltable shield of frost defends you.
                  | (SH +0) [demonic ancestry]
  2247 | D:2      | Reached XP level 5. HP: 30/39 MP: 4/7
  2366 | D:2      | Identified the +2 spear "Famifill" {vorpal, rC++ rN+ rCorr
                  | Stlth-}
  2643 | D:4      | Reached skill level 3 in Polearms
  2643 | D:4      | Reached XP level 6. HP: 37/46 MP: 8/8
  2716 | D:4      | Found a runed translucent door.
  2716 | D:4      | Noticed Arctor's ghost (amateur MiFi)
  2844 | D:4      | Found a shimmering altar of Xom.
  3022 | D:5      | Entered Level 5 of the Dungeon
  3124 | D:5      | Found a hazy altar of Hepliaklqana.
  3124 | D:5      | Found an ornate altar of the Wu Jian Council.
  3255 | D:5      | Learned a level 1 spell: Slow
  3304 | D:5      | Gained mutation: You have a small tail. [demonic ancestry]
  3304 | D:5      | Reached XP level 7. HP: 52/52 MP: 10/10
  3369 | D:5      | Reached skill level 4 in Polearms
  3544 | D:5      | Noticed Blork the orc
  3559 | D:5      | Killed Blork the orc
  3560 | D:5      | Reached skill level 1 in Shields
  4052 | D:5      | Found an ancient bone altar of Kikubaaqudgha.
  4185 | D:6      | Reached skill level 1 in Hexes
  4372 | D:6      | Noticed Eustachio
  4387 | D:6      | Killed Eustachio
  4388 | D:6      | Reached skill level 5 in Polearms
  4388 | D:6      | Gained mutation: You sometimes gain a little power by
                  | taking damage. [demonic ancestry]
  4388 | D:6      | Reached XP level 8. HP: 56/60 MP: 12/12
  4419 | D:6      | Noticed Maggie
  4748 | D:6      | HP: 3/61 [steam dragon (3)]
  4748 | D:6      | Slain by a steam dragon

Illustrated notes

Levels and vault maps discovered:
D:1:      dpeg_arrival_rooms_b, layout_rooms
D:2:      minmay_roachtagon, layout_rooms, hellmonk_ecumenical_altar_zigzags,
          uniq_sigmund
D:3:      layout_rooms, mainiacjoe_overflow_alcove_1, serial_shops, shop_statue,
          minmay_misc_feat_doors, kennysheep_flooded_box
D:4:      layout_loops_ring, grunt_dithmenos_smoke_and_mirrors,
          mainiacjoe_overflow_alcove_4, nicolae_qazlal_style_of_elements,
          gammafunk_ghost_grave
D:5:      minmay_inner_zag, layout_basic, gammafunk_temple_overflow_wave,
          chequers_temple_overflow_statue_of_worship, uniq_blork_the_orc
D:6:      kennysheep_housing_project, layout_basic, lightli_minifort,
          uniq_edmund, uniq_maggie, uniq_eustachio

Skill      XL: |  1  2  3  4  5  6  7  8 |
---------------+-------------------------+-----
Dodging        | 3 |  3.0
Throwing       | 2 |  2.5
Short Blades   | 1 2 |  2.7
Armour         | 1 2 3 |  3.0
Stealth        | 1 2 |  2.2
Spellcasting   | 1 2 3 |  3.1
Polearms       | 3 5 |  5.6
Fighting       | 3 4 |  4.3
Shields        | 1 |  1.6
Hexes          | 1 |  1.1

Action                   |  1- 3 |  4- 6 |  7- 9 || total
-------------------------+-------+-------+-------++-------
Melee: Trident           |    23 |       |       ||    23
       Dagger            |    69 |     7 |       ||    76
       Punch             |     1 |       |     1 ||     2
       Spear             |       |    53 |    85 ||   138
       Tailslap          |       |       |    12 ||    12
Throw: Stone             |    16 |       |       ||    16
       Javelin           |     2 |       |       ||     2
       Throwing net      |     2 |       |       ||     2
 Cast: Slow              |       |       |     1 ||     1
  Use: Scroll            |     6 |     3 |     5 ||    14
       Potion            |       |       |     2 ||     2
 Stab: Sleeping          |     2 |       |       ||     2
Armor: Leather armour    |    22 |     4 |    18 ||    44
Dodge: Dodged            |    51 |    15 |    27 ||    93
Block: Other             |       |    11 |    29 ||    40
       Reflection        |       |     2 |     1 ||     3
